 Dungeon Crawl Stone Soup version 0.31-a0-521-gc7390f8997 (webtiles) character file.

Game seed: 6746326274536088549

2 LeprechaunX the Sneak (level 1, 0/10 HPs)
             Began as a Tengu Enchanter on Aug 10, 2023.
             Slain by a giant cockroach (2 damage)
             ... on level 1 of the Dungeon.
             The game lasted 00:00:08 (80 turns).

LeprechaunX the Sneak (Tengu Enchanter)               Turns: 80, Time: 00:00:09

Health: 0/10       AC:  2    Str:  8    XL:     1   Next: 40%
Magic:  4/4        EV: 12    Int: 15    God:
Gold:   11         SH:  0    Dex: 14    Spells: 4/4 levels left

rFire   . . .        a - +1 dagger
rCold   . . .        (no shield)
rNeg    . . .        b - +0 robe
rPois   .            (helmet restricted)
rElec   .            (no cloak)
rCorr   .            (no gloves)
SInv    .            (boots unavailable)
Will    .....        (no amulet)
Stlth   ++           (no ring)
HPRegen 0.21/turn    (no ring)
MPRegen 0.09/turn

%: no passive effects
@: no status effects
A: beak, talons 3
a: no special abilities


You were on level 1 of the Dungeon.
You visited 1 branch of the dungeon, and saw 1 of its levels.

You collected 11 gold pieces.

Inventory:

Hand Weapons
 a - a +1 dagger (weapon)
Armour
 b - a +0 robe (worn)
Potions
 c - 2 potions of invisibility


   Skills:
 + Level 1.2 Short Blades
 + Level 2.2 Dodging
 + Level 3.0 Stealth
 + Level 2.0 Spellcasting
 + Level 2.2 Hexes


You had 4 spell levels left.
You didn't know any spells.
Your spell library contained the following spells:

 Spells                   Type           Power      Damage    Failure   Level
 Ensorcelled Hibernation  Hex/Ice        8%         N/A       22%         2
 Confusing Touch          Hex            8%         N/A       26%         3
 Tukima's Dance           Hex            8%         N/A       26%         3
 Dazzling Flash           Conj/Hex       8%         N/A       38%         3


Dungeon Overview and Level Annotations

Branches:
Dungeon (1/15)

Altars:


Innate Abilities, Weirdness & Mutations

You have a beak for a mouth.
You have claws for feet.


Message History

You are too injured to fight recklessly!
You are too injured to fight recklessly!
You are too injured to fight recklessly!
You hit the giant cockroach.
The giant cockroach is severely wounded.
The giant cockroach bites you but does no damage.
The hobgoblin misses you. The giant cockroach bites you.
You barely miss the hobgoblin. Your punch misses the hobgoblin.
The hobgoblin closely misses you. The giant cockroach bites you.
* * * LOW HITPOINT WARNING * * *
You hit the hobgoblin.
You peck the hobgoblin, but do no damage.
The hobgoblin is lightly wounded.
The hobgoblin closely misses you. The giant cockroach barely misses you.
You hit the hobgoblin.
You peck the hobgoblin, but do no damage.
The hobgoblin is moderately wounded.
The giant cockroach barely misses you.
The hobgoblin hits you but does no damage.
You hit the hobgoblin.
You claw the hobgoblin, but do no damage.
The hobgoblin is almost dead.
The giant cockroach barely misses you. The hobgoblin closely misses you.
You hit the hobgoblin.
You kill the hobgoblin!
The giant cockroach bites you but does no damage.
The giant cockroach bites you.
* * * LOW HITPOINT WARNING * * *
The giant cockroach bites you but does no damage.
You see here a hobgoblin corpse.
You completely miss the giant cockroach.
Your kick misses the giant cockroach.
You peck the giant cockroach, but do no damage.
The giant cockroach is severely wounded.
The giant cockroach barely misses you.
You hit the giant cockroach but do no damage.
You claw the giant cockroach.
The giant cockroach is almost dead.
The giant cockroach bites you.
You die...

#... ....
########## #..#
#.........# #..
#.........#
###..##.........#
................#
#.†#.........#
+..B@........#
##.#.........#
#.###.###### #.#
#.....# #.#
#.###.# #.# #.#
#.## #.# #.# #..#
#.# #.# ##.# #.#
#.####.#


You could see a giant cockroach.

Vanquished Creatures
  A hobgoblin (D:1)
  A quokka (D:1)
2 creatures vanquished.

Notes
Turn   | Place    | Note
-------+----------+-------------------------------------------
     0 | D:1      | LeprechaunX the Tengu Enchanter began the quest for the
                  | Orb.
     0 | D:1      | Reached XP level 1. HP: 10/10 MP: 4/4
    80 | D:1      | Slain by a giant cockroach

Illustrated notes

Levels and vault maps discovered:
D:1:      dpeg_arrival_round_a, layout_basic

Action                     || total
---------------------------++-------
  Melee: Dagger            ||    11
         Peck              ||     4
         Kick              ||     2
 Armour: Robe              ||     4
  Dodge: Dodged            ||     9

Table legend: (Time is in decaauts)
 A = Elapsed time spent in this place.
 B = Non-inter-level travel time spent in this place.
 C = Inter-level travel time spent in this place.
 D = Time resting spent in this place.
 E = Time spent auto-exploring this place.
 F = Levels seen in this place.
 G = Mean time per level.
                   A        B        C        D        E       F      G
               +--------+--------+--------+--------+--------+-----+--------+
         Total |     79 |     79 |      0 |      0 |     61 |   1 |   79.0 |
       Dungeon |     79 |     79 |      0 |      0 |     61 |   1 |   79.0 |
               +--------+--------+--------+--------+--------+-----+--------+

Top non-repeatable levels by time:
     D:1: 79 daAuts
